AoeStats
← Křovák

Arena

508179281Analyzed
1v1 RM · 11d ago on Sep 21, 2026· 35m 48s· 2 players
Game mode
Random Map
Map size
Tiny (2 player)
Population
200
Speed
Normal
Resources
Standard
Victory
Conquest
Starting age
Dark Age
Ending age
Imperial Age
RankedLock teamsTeams togetherTeam positionsShared explorationLock speedFull tech treeHidden civsTurbo modeCheats
Victory
Defeat
🇨🇿 Byzantines · Czechia
823
+18
🇲🇽 Aztecs · Mexico
857
-18
Křovák
8:48 Loom
10:53 Feudal Age
15:56 Castle Age
13:58 Double-Bit Axe
14:59 Horse Collar
16:56 Bow Saw
24:54 Fletching
25:55 Heavy Plow
30:52 Imperial Age
28:21 Gold Mining
29:22 Bodkin Arrow
30:16 Fortified Wall
33:15 Chemistry
cheezball97
7:13 Loom
10:23 Feudal Age
15:11 Castle Age
13:56 Double-Bit Axe
14:16 Gold Mining
16:34 Forging
17:30 Fervor
18:57 Sanctity
21:59 Devotion
23:28 Town Watch
27:09 Stone Mining
30:37 Imperial Age
28:30 Fletching
29:26 Pikeman
31:49 Conscription
32:29 Theocracy
32:13 Block Printing
34:00 Chemistry
Connection lost

Rejoining the realm…

Still unreachable

The connection could not be restored.

Session expired

The server has moved on; the page needs a fresh start.